 Dungeon Crawl Stone Soup version 0.24.0-125-gc4c63601f3 (webtiles) character file.

Game seed: 9936232665240536417, levelgen mode: deterministic

109951 Frank2 the Bludgeoner (level 16, -2/132 HPs)
             Began as a Demonspawn Gladiator on Mar 9, 2020.
             Was the Champion of Ashenzari.
             Killed from afar by a deep elf mage (44 damage)
             ... with a bolt of lightning
             ... on level 1 of the Elven Halls.
             The game lasted 01:09:42 (26344 turns).

Frank2 the Bludgeoner (Demonspawn Gladiator)       Turns: 26344, Time: 01:09:43

Health: -2/132     AC: 22    Str: 23    XL:     16   Next: 6%
Magic:  24/24      EV: 25    Int: 10    God:    Ashenzari [******]
Gold:   2771       SH:  0    Dex: 22    Spells: 15/15 levels left

rFire    . . .     SeeInvis +   a - +9 flail (curse)
rCold    . . .     Gourm    .   (no shield)
rNeg     + . .     Faith    .   F - +4 ring mail {rN+} (curse)
rPois    .         Spirit   .   I - +0 helmet of Valiance {Str+3} (curse)
rElec    .         Reflect  .   b - +2 cloak {MR+} (curse)
rCorr    +         Harm     +   z - +2 pair of gloves (curse)
MR       ++...     Clarity  +   L - +0 pair of boots of Zin's Castigation {Str+4} (curse)
Stlth    +++.......             u - amulet of harm (curse)
HPRegen  0.32/turn              i - ring of see invisible (curse)
MPRegen  0.19/turn              y - ring of resist corrosion (curse)

@: no status effects
A: talons 2, thin skeletal structure 1, nightstalker 1, spiny 3
a: Curse Item, Scrying, Transfer Knowledge, Renounce Religion


You were on level 1 of the Elven Halls.
You worshipped Ashenzari.
Ashenzari was exalted by your worship.
You were hungry.

You visited 4 branches of the dungeon, and saw 24 of its levels.
You also visited: Ossuary and Ice Cave.

You collected 3569 gold pieces.
You spent 798 gold pieces at shops.

Inventory:

Hand Weapons
 a - a cursed +9 flail (weapon)
 o - a +0 great mace
 D - a +0 demon whip
Armour
 b - a cursed +2 cloak of magic resistance (worn)
 k - a scarf of cloud immunity
 s - a scarf of resistance
 z - a cursed +2 pair of gloves (worn)
 F - a cursed +4 ring mail of positive energy (worn)
 I - the cursed +0 helmet of Valiance (worn) {Str+3}
   (You bought it in a shop on level 2 of the Orcish Mines)

   It affects your strength (+3).
   It has a curse placed upon it.
 L - the cursed +0 pair of boots of Zin's Castigation (worn) {Str+4}
   (You bought it in a shop on level 2 of the Orcish Mines)

   It affects your strength (+4).
   It has a curse placed upon it.
 O - the cursed +1 chain mail of Ubaxed {rF- Str+4 Int+3}
   (You bought it in a shop on level 2 of the Orcish Mines)

   It affects your strength (+4).
   It affects your intelligence (+3).
   It makes you vulnerable to fire.
   It has a curse placed upon it.
 Z - +0 fire dragon scales
Jewellery
 i - a cursed ring of see invisible (left hand)
 l - an uncursed ring of flight
 m - a cursed ring of fire
 r - an uncursed ring of poison resistance
 u - a cursed amulet of harm (around neck)
 y - a cursed ring of resist corrosion (right hand)
 U - an uncursed ring of ice
Wands
 d - a wand of digging (19)
 x - a wand of flame (6)
 C - a wand of clouds (3)
 M - a wand of enslavement (10)
 R - a wand of iceblast (9)
 S - a wand of paralysis (4)
Scrolls
 g - 3 scrolls of holy word {unknown}
 p - 4 scrolls of magic mapping
 q - 9 scrolls of teleportation
 E - 4 scrolls of fog
 W - a scroll of enchant armour
 X - 2 scrolls of identify
Potions
 c - a potion of heal wounds
 e - 4 potions of haste
 j - 9 potions of curing
 n - 3 potions of resistance
 t - 3 potions of cancellation
 v - 3 potions of lignification
 w - 3 potions of invisibility
 B - a potion of mutation
 K - 3 potions of flight
 N - a potion of ambrosia
Miscellaneous
 h - a sack of spiders
 G - a lamp of fire
 J - a lamp of fire
Comestibles
 f - 33 rations
 A - 3 chunks of flesh


   Skills:
 + Level 13.9 Fighting
 + Level 16.0(19.9) Maces & Flails
 - Level 1.7 Throwing
 + Level 9.3(13.6) Armour
 + Level 10.7(15.0) Dodging
 * Level 11.0(15.2) Evocations


You had 15 spell levels left.
You didn't know any spells.
Your spell library contained the following spells:

 Spells                   Type           Power        Failure   Level  Hunger
 Animate Skeleton         Necr           N/A          36%         1    ##.....
 Confusing Touch          Hex            #.....       36%         1    ##.....
 Flame Tongue             Conj/Fire      #....        36%         1    ##.....
 Infusion                 Chrm           #...         36%         1    ##.....
 Magic Dart               Conj           #...         36%         1    ##.....
 Pain                     Necr           #...         36%         1    ##.....
 Searing Ray              Conj           #.....       52%         2    ###....
 Shroud of Golubria       Chrm/Tloc      #.....       52%         2    ###....
 Song of Slaying          Chrm           #.......     52%         2    ###....
 Confuse                  Hex            #.......     75%         3    ####...
 Dazzling Spray           Conj/Hex       #.....       75%         3    ####...
 Gell's Gravitas          Tloc           #.........   75%         3    ####...
 Regeneration             Chrm/Necr      #.........   75%         3    ####...
 Spectral Weapon          Hex/Chrm       #.......     75%         3    ####...
 Vampiric Draining        Necr           #.........   75%         3    ####...
 Animate Dead             Necr           N/A          98%         4    #####..
 Cause Fear               Hex            #.........   98%         4    #####..
 Force Lance              Conj/Tloc      #.......     98%         4    #####..
 Fulminant Prism          Conj/Hex       #.........   98%         4    #####..
 Iskenderun's Mystic Bla  Conj           #.......     98%         4    #####..
 Petrify                  Tmut/Erth      #.......     98%         4    #####..
 Sticky Flame             Conj/Fire      #.......     98%         4    #####..
 Summon Ice Beast         Ice/Summ       #.......     98%         4    #####..
 Metabolic Englaciation   Hex/Ice        #.........   100%        5    ######.
 Summon Mana Viper        Hex/Summ       #.......     100%        5    ######.
 Yara's Violent Unravell  Hex/Tmut       #.........   100%        5    ######.
 Bolt of Fire             Conj/Fire      #.........   100%        6    #######
 Dragon Form              Tmut           #.........   100%        7    #######
 Spellforged Servitor     Conj/Summ      #.........   100%        7    #######
 Dragon's Call            Summ           #.........   100%        9    #######


Dungeon Overview and Level Annotations

Branches:
Dungeon (15/15)            Temple (0/1) D:7            Lair (6/6) D:9
  Swamp (0/4) Lair:4       Spider (0/4) Lair:3        Slime (0/5) Lair:5
    Orc (2/2) D:11            Elf (1/3) Orc:2        Vaults (0/5) D:13
 Depths (0/5) D:15        Ossuary (visited)           IceCv (visited)

Altars:
Ashenzari
Elyvilon
Fedhas
Hepliaklqana
Okawaru
Sif Muna
Trog
Uskayaw
Xom
The Shining One
Beogh
Jiyva

Shops:
D:7 %   Orc:2 ([%=

Annotations:
D:4 3 runed translucent doors, hallab's ghost, novice MiFi


Innate Abilities, Weirdness & Mutations

You have razor-sharp toenails.
You have a somewhat thin skeletal structure. (Dex +2, Stealth)
You are slightly more attuned to the shadows.
You are completely covered in sharp spines.


Message History

You feel less confused. The deep elf mage closely misses you.
You bludgeon the deep elf mage!!
You kill the deep elf mage!
Your life force feels restored.
Things that are here:
a +0 dagger; a +0 leather armour Unknown command.
You miss the deep elf mage.
The deep elf mage is almost dead.
The deep elf mage mumbles some strange words.
The deep elf mage blinks!
Evoke which item? (* to show all) (? for menu, Esc to quit)
Aiming: Throw Flame
Press: ? - help, Shift-Dir - straight line, f - deep elf mage
Aim: a deep elf mage, wielding a +0 long sword and wearing a +0 leather armour (almost dead)
The puff of flame misses the deep elf mage.
The deep elf mage gestures at you while chanting.
The bolt of lightning hits you!!!
You die...

#.## ,,.....##.# #)#
#.# * .....##.# #.#
#.# #....$..##.# #.#
#.#
#.......##>#####.##
#.#
#.......##.....)..##
#.#
#.......#.).)......#
#.#
*,......#.#.##+#+#+#
####.###
*#ยง####.#.##.#.#.#
#......#
####@.)...e##########
#.##.#.#
#.)...###............
#.##.#.# #.###.#
#.......)....
#.##...# #.*
#.####.....))....
#.####.#
#.*,..........))...)<
###.####.####.
..####...........
..................#
#.##########
.##.#.#######.. ,,*
#...#.#.#.#?
.##...### *,,.#
###.#+#+#+#.


You could see a deep elf mage.

Vanquished Creatures
  Kirke (Lair:4)
  A fire giant (D:15)
  3 orc warlords
  2 entropy weavers (Lair:5)
  A dire elephant (Lair:6)
  A deep elf annihilator (Elf:1)
  Snorg (Orc:2)
  Josephine (D:12)
  A fire dragon (D:15)
  Erolcha (D:11)
  Harold (D:8)
  Fannar (D:11)
  A vault guard (D:13)
  The ghost of Xuta the Peltast, a journeyman FoFi of Okawaru (D:13)
  9 hydras
  An anaconda (Lair:6)
  Erica (D:9)
  A death knight (D:15)
  3 dancing weapons (Elf:1)
  2 two-headed ogres (D:10)
  7 death yaks
  A queen ant (Lair:5)
  An orc high priest (Orc:2)
  Sonja (D:12)
  3 deep elf knights (Elf:1)
  An unseen horror (D:11)
  Pikel (D:7)
  A deep elf archer (Elf:1)
  2 phantasmal warriors (D:15)
  A lindwurm (Lair:6)
  3 orc knights
  A wizard (D:14)
  A necromancer (IceCv)
  2 orc sorcerers (Orc:2)
  18 deep elf magi
  4 ugly things
  A manticore (D:15)
  A cyclops (Orc:1)
  14 elephants
  Joseph (D:8)
  3 black mambas
  A centaur zombie (D:15)
  4 ice statues (IceCv)
  A gargoyle (D:13)
  3 spiny frogs (shapeshifter)
  3 torpor snails
  3 spiny frogs
  A rime drake (Lair:6)
  6 komodo dragons
  A freezing wraith (D:15)
  7 ice devils (IceCv)
  A tyrant leech (Lair:4)
  A polar bear (Lair:6)
  7 trolls
  A hornet (D:7)
  17 blink frogs
  Prince Ribbit (D:5)
  9 hippogriffs
  9 slime creatures
  5 dream sheep (Lair:6)
  2 air elementals (Elf:1)
  Sigmund (D:5)
  2 vampires
  2 hogs (Lair:4)
  5 wyverns
  2 fire elementals (Elf:1)
  6 wraiths
  57 yaks
  2 hungry ghosts
  9 basilisks
  3 vampire mosquitoes (D:13)
  Menkaure (D:5)
  14 soldier ants
  A swamp worm (Lair:4)
  11 water moccasins
  2 acid dragons (D:14)
  6 wargs
  12 porcupines
  36 orc warriors
  4 black bears
  2 ice beasts
  3 sky beasts
  An eye of draining (D:8)
  A phantom (D:12)
  9 ogres
  11 centaurs
  A necrophage (D:12)
  54 wolves
  3 boggarts (D:15)
  15 crocodiles
  2 big kobolds
  11 bullfrogs
  2 wyvern zombies
  2 wyvern skeletons
  5 scorpions
  A water moccasin zombie (D:7)
  9 killer bees
  9 wights
  5 howler monkeys
  7 crimson imps
  2 draconian simulacra (IceCv)
  3 jellies
  A bullfrog zombie (D:5)
  32 orc wizards
  4 bullfrog skeletons
  6 centaur skeletons
  2 hounds
  A gnoll shaman (D:8)
  27 orc priests
  Crazy Yiuf (D:4)
  Jessica (D:2)
  3 iguanas
  6 hell rats (Lair:4)
  A spriggan simulacrum (IceCv)
  23 worker ants
  2 troll simulacra (IceCv)
  A bullfrog simulacrum (D:10)
  2 centaur simulacra (IceCv)
  A hound zombie (D:10)
  2 hound skeletons
  8 mummies (Ossuary)
  3 worker ant zombies
  Robin (D:4)
  A howler monkey zombie (D:5)
  3 gnolls (D:8)
  A naga simulacrum (IceCv)
  15 adders
  2 ogre simulacra (IceCv)
  4 shadow imps
  An ooze (D:5)
  2 adder zombies (D:5)
  3 adder skeletons
  4 worms
  A dart slug (D:3)
  9 leopard geckos
  111 orcs
  9 giant cockroaches
  A gnoll zombie (Ossuary)
  7 hobgoblins
  10 jackals
  17 kobolds
  2 quokkas (D:4)
  2 ball pythons (D:3)
  9 bats
  5 frilled lizards (D:1)
  A giant cockroach zombie (D:6)
  12 goblins
  A hobgoblin zombie (Ossuary)
  2 jackal skeletons
  A leopard gecko skeleton (D:3)
  6 orc zombies (Ossuary)
  6 rats
  2 plants (Lair:6)
897 creatures vanquished.

Vanquished Creatures (collateral kills)
  2 dire elephants (Lair:6)
  2 orc warriors (Orc:2)
  An orc priest (Orc:2)
  An orc (Orc:2)
6 creatures vanquished.

Vanquished Creatures (others)
  A dancing weapon (Elf:1)
  A deep elf mage (Elf:1)
  A fire elemental (Elf:1)
  2 humans (Lair:4)
  A boggart (D:15)
  A wolf (Lair:4)
  A centaur (D:7)
  An iguana (D:7)
  An orc (D:7)
  A quokka (D:7)
  20 fungi
  15 plants
46 creatures vanquished.

Grand Total: 949 creatures vanquished

Notes
Turn   | Place    | Note
-------+----------+-------------------------------------------
     0 | D:1      | Frank2 the Demonspawn Gladiator began the quest for the
                  | Orb.
     0 | D:1      | Reached XP level 1. HP: 16/16 MP: 1/1
   109 | D:1      | Gained mutation: You are partially covered in sharp spines.
                  | [demonic ancestry]
   109 | D:1      | Reached XP level 2. HP: 12/22 MP: 2/2
   180 | D:1      | Reached skill level 3 in Maces & Flails
   927 | D:2      | Gained mutation: You are mostly covered in sharp spines.
                  | [demonic ancestry]
   927 | D:2      | Reached XP level 3. HP: 28/28 MP: 3/3
   977 | D:2      | Noticed Jessica
   980 | D:2      | Killed Jessica
  1036 | D:2      | Reached skill level 1 in Armour
  1451 | D:3      | Reached XP level 4. HP: 34/34 MP: 4/4
  1663 | D:3      | Reached skill level 4 in Maces & Flails
  1689 | D:3      | Found a blossoming altar of Fedhas.
  1972 | D:4      | Found a sand-covered staircase.
  1985 | Ossuary  | Entered an ossuary
  2004 | Ossuary  | HP: 1/34 [mummy (6)]
  2008 | Ossuary  | Gained mutation: You are slightly more attuned to the
                  | shadows. [demonic ancestry]
  2008 | Ossuary  | Reached XP level 5. HP: 10/39 MP: 5/5
  2584 | D:4      | Found a runed translucent gate.
  2585 | D:4      | Found a runed translucent gate.
  2585 | D:4      | Noticed hallab's ghost (novice MiFi)
  2586 | D:4      | Found a runed translucent gate.
  2626 | D:4      | Noticed an ogre
  2642 | D:4      | Killed an ogre
  2642 | D:4      | Reached skill level 5 in Maces & Flails
  2642 | D:4      | Gained mutation: You have sharp toenails. [demonic
                  | ancestry]
  2642 | D:4      | Reached XP level 6. HP: 44/47 MP: 6/6
  2649 | D:4      | Noticed Robin
  2669 | D:4      | Killed Robin
  2972 | D:4      | Found a runed translucent door.
  2973 | D:4      | Noticed Crazy Yiuf
  3159 | D:4      | Found a shimmering altar of Xom.
  3405 | D:5      | Entered Level 5 of the Dungeon
  3416 | D:5      | Noticed Menkaure
  3425 | D:5      | Killed Menkaure
  3425 | D:5      | Reached XP level 7. HP: 50/52 MP: 7/7
  3462 | D:5      | Noticed Sigmund
  3479 | D:5      | Killed Sigmund
  3479 | D:5      | Reached skill level 6 in Maces & Flails
  3481 | D:5      | Noticed Prince Ribbit
  3580 | D:4      | Killed Crazy Yiuf
  3717 | D:5      | Killed Prince Ribbit
  3717 | D:5      | Gained mutation: You have a somewhat thin skeletal
                  | structure. (Dex +2, Stealth) [demonic ancestry]
  3717 | D:5      | Reached XP level 8. HP: 46/60 MP: 8/8
  3785 | D:5      | Found a shattered altar of Ashenzari.
  3918 | D:5      | Found a hazy altar of Hepliaklqana.
  3932 | D:5      | Reached skill level 7 in Maces & Flails
  4429 | D:5      | Became a worshipper of Ashenzari the Shackled
  4703 | D:6      | Found a shimmering blue altar of Sif Muna.
  5031 | D:7      | Noticed Pikel
  5064 | D:7      | Found a staircase to the Ecumenical Temple.
  5064 | D:7      | Noticed a hornet
  5072 | D:7      | Killed a hornet
  5073 | D:7      | Reached skill level 5 in Fighting
  5340 | D:7      | Killed Pikel
  5340 | D:7      | Reached skill level 8 in Maces & Flails
  5340 | D:7      | Reached skill level 5 in Armour
  5340 | D:7      | Gained mutation: You have razor-sharp toenails. [demonic
                  | ancestry]
  5340 | D:7      | Reached XP level 9. HP: 59/68 MP: 9/9
  5348 | D:7      | Found Dull's Food Emporium.
  5669 | D:8      | Reached skill level 9 in Maces & Flails
  5702 | D:8      | Noticed Harold
  5733 | D:8      | HP: 3/69 [Harold/+0 war axe of chopping (3)]
  5738 | D:8      | Killed Harold
  6187 | D:8      | Reached XP level 10. HP: 77/77 MP: 10/10
  6243 | D:8      | Reached * piety under Ashenzari
  6255 | D:8      | Reached skill level 10 in Maces & Flails
  6289 | D:8      | Noticed Joseph
  6302 | D:8      | Killed Joseph
  6961 | D:9      | Found a white marble altar of Elyvilon.
  6963 | D:9      | Found a hide-covered altar of Uskayaw.
  6964 | D:9      | Found a bloodstained altar of Trog.
  6966 | D:9      | Found a glowing golden altar of the Shining One.
  6974 | D:9      | Found an iron altar of Okawaru.
  7164 | D:9      | Noticed Erica
  7179 | D:9      | Killed Erica
  7207 | D:9      | Reached skill level 11 in Maces & Flails
  7207 | D:9      | Reached skill level 5 in Dodging
  7680 | D:9      | Reached skill level 1 in Evocations
  7928 | D:9      | Found a staircase to the Lair.
  8058 | Lair:1   | Entered Level 1 of the Lair of Beasts
  8147 | Lair:1   | Reached XP level 11. HP: 85/85 MP: 12/12
  8206 | Lair:1   | Noticed a six-headed hydra
  8216 | Lair:1   | Killed a six-headed hydra
  8986 | Lair:1   | Reached ** piety under Ashenzari
  9406 | Lair:2   | Reached skill level 12 in Maces & Flails
  9645 | Lair:2   | Noticed a four-headed hydra
  9656 | Lair:2   | Killed a four-headed hydra
 10214 | Lair:2   | Noticed a death yak
 10230 | Lair:2   | Killed a death yak
 10230 | Lair:2   | Reached XP level 12. HP: 60/94 MP: 15/15
 10273 | Lair:2   | Reached *** piety under Ashenzari
 10703 | Lair:3   | Found a hole to the Spider Nest.
 10738 | Lair:3   | Reached skill level 5 in Evocations
 11479 | Lair:4   | Reached **** piety under Ashenzari
 11481 | Lair:4   | Noticed Kirke
 11513 | Lair:4   | Killed Kirke
 11649 | Lair:4   | Reached skill level 13 in Maces & Flails
 12062 | Lair:4   | Reached skill level 10 in Fighting
 12148 | Lair:4   | Found a staircase to the Swamp.
 12595 | Lair:5   | Noticed a four-headed hydra
 12611 | Lair:5   | Killed a four-headed hydra
 12611 | Lair:5   | Gained mutation: You are completely covered in sharp
                  | spines. [demonic ancestry]
 12611 | Lair:5   | Reached XP level 13. HP: 38/103 MP: 16/18
 12614 | Lair:5   | HP: 6/154 [yak (2)]
 13209 | Lair:5   | Reached skill level 14 in Maces & Flails
 13447 | Lair:5   | Found a viscous altar of Jiyva.
 13447 | Lair:5   | Found a staircase to the Slime Pits.
 13545 | Lair:5   | Reached ***** piety under Ashenzari
 13667 | Lair:5   | Noticed an entropy weaver
 13683 | Lair:5   | Killed an entropy weaver
 14105 | Lair:5   | Noticed an entropy weaver
 14115 | Lair:5   | Killed an entropy weaver
 14171 | Lair:6   | Entered Level 6 of the Lair of Beasts
 14674 | Lair:6   | Reached XP level 14. HP: 89/113 MP: 20/20
 15929 | Lair:6   | Identified the Tome of Supportive Conjuration
 16105 | D:10     | Entered Level 10 of the Dungeon
 16771 | D:11     | Found a staircase to the Orcish Mines.
 16996 | D:11     | Noticed Erolcha
 17007 | D:11     | Killed Erolcha
 17371 | D:11     | Got the cursed large shield of the Griffon {rPois MP+9
                  | Dex+2}
 17540 | D:11     | Noticed Fannar
 17554 | D:11     | Killed Fannar
 18047 | D:12     | Reached ****** piety under Ashenzari
 18092 | D:12     | Noticed Sonja
 18100 | D:12     | Killed Sonja
 18223 | D:12     | Noticed Josephine
 18234 | D:12     | Killed Josephine
 18234 | D:12     | Reached skill level 15 in Maces & Flails
 18757 | D:13     | Found a gate to the Vaults.
 18859 | D:13     | Found a frozen archway.
 18902 | IceCv    | Entered an ice cave
 19437 | IceCv    | Identified the +8 shortbow "Dehesch" {velocity, Int+3}
 19438 | IceCv    | Identified the +1 cloak of Teli {*Slow rPois Str+4}
 19438 | IceCv    | Identified the +6 quarterstaff of Annoyance {elec, rC+
                  | Str+3}
 19825 | IceCv    | Reached XP level 15. HP: 50/122 MP: 22/22
 20147 | D:13     | Found a runed translucent gate.
 20147 | D:13     | Noticed Xuta's ghost (journeyman FoFi)
 20148 | D:13     | Found a runed translucent gate.
 20149 | D:13     | Found a runed translucent gate.
 20608 | D:13     | Killed Xuta's ghost
 20608 | D:13     | Reached skill level 10 in Evocations
 20913 | D:14     | Reached skill level 10 in Dodging
 21290 | D:15     | Entered Level 15 of the Dungeon
 21313 | D:15     | Identified the ring "Wytaiqup" {MR+ Str+5 Slay-5}
 22358 | D:15     | Found a staircase to the Depths.
 22358 | D:15     | Noticed a fire giant
 22429 | D:15     | Killed a fire giant
 22535 | Orc:1    | Entered Level 1 of the Orcish Mines
 22545 | Orc:1    | Noticed an orc warlord
 22562 | Orc:1    | Killed an orc warlord
 22652 | Orc:1    | Found a roughly hewn altar of Beogh.
 23237 | Orc:2    | Entered Level 2 of the Orcish Mines
 23309 | Orc:2    | Noticed Snorg
 23330 | Orc:2    | Killed Snorg
 23697 | Orc:2    | Noticed an orc warlord
 23826 | Orc:2    | Killed an orc warlord
 24084 | Orc:2    | Found Nauklal's Antique Weapon Emporium.
 24085 | Orc:2    | Found a roughly hewn altar of Beogh.
 24099 | Orc:2    | Found Qybonezao's Antique Armour Shoppe.
 24264 | Orc:2    | Found a roughly hewn altar of Beogh.
 24364 | Orc:2    | Found a staircase to the Elven Halls.
 24405 | Orc:2    | Noticed an orc warlord
 24445 | Orc:2    | Killed an orc warlord
 24494 | Orc:2    | Found a roughly hewn altar of Beogh.
 24514 | Orc:2    | Found Lulo's Jewellery Emporium.
 24826 | Orc:2    | Found a roughly hewn altar of Beogh.
 24828 | Orc:2    | Found Rexyacui's Food Shoppe.
 24984 | Orc:2    | Bought a scorched helmet for 266 gold pieces
 24984 | Orc:2    | Identified the +0 helmet of Valiance {Str+3} (You bought it
                  | in a shop on level 2 of the Orcish Mines)
 24984 | Orc:2    | Bought a pair of bloodstained boots for 266 gold pieces
 24984 | Orc:2    | Identified the cursed +0 pair of boots of Zin's Castigation
                  | {Str+4} (You bought it in a shop on level 2 of the Orcish
                  | Mines)
 24984 | Orc:2    | Bought a scorched chain mail for 266 gold pieces
 24984 | Orc:2    | Identified the cursed +1 chain mail of Ubaxed {rF- Str+4
                  | Int+3} (You bought it in a shop on level 2 of the Orcish
                  | Mines)
 25091 | Elf:1    | Entered Level 1 of the Elven Halls
 25591 | Elf:1    | Reached skill level 16 in Maces & Flails
 25990 | Elf:1    | Reached XP level 16. HP: 71/132 MP: 24/24
 26344 | Elf:1    | Killed from afar by a deep elf mage

Levels and vault maps discovered:
D:1:      sevenhm_arrival_forest_fort_large_2, layout_basic
D:2:      layout_loops_cross, uniq_jessica
D:3:      layout_rooms, fedhas_altar_1
D:4:      layout_gridville, kennysheep_mini, enter_ossuary_3,
          gammafunk_ghost_nasty_kobolds, uniq_robin, uniq_crazy_yiuf_cottage
D:5:      layout_loops_ring, nicolae_ashenzari_panopticon,
          nicolae_overflow_crystal_walls, first_ration,
          kennysheep_opposing_triangles, uniq_sigmund, uniq_menkaure,
          uniq_prince_ribbit1
D:6:      layout_cave_pools, basic_altar, chequers_serial_rivers_marsh,
          due_unseen_surprise
D:7:      layout_rooms, minmay_temple_entry_hall, serial_shops,
          nicolae_shop_window_shopping, uniq_pikel
D:8:      layout_loops_ring, grunt_decor_clamped, uniq_joseph, uniq_harold
D:9:      layout_loops_cross, grunt_temple_overflow_open, lair_entry_dummy,
          st_stairs_12, grunt_ogre_cave, uniq_erica
D:10:     layout_loops_ring, hangedman_weighted_door
D:11:     layout_cross, orc_david_3, kb_lookout_dungeons_type, uniq_erolcha,
          uniq_fannar
D:12:     layout_grid_maze, uniq_sonja, uniq_josephine
D:13:     layout_loops_cross, david_vaults_5, portal_ice_cave_entry_pillars_2,
          ebering_ghost_rock_garden
D:14:     layout_long_grid, minmay_misc_feat_pillars, hangedman_decor_lopped
D:15:     grunt_enter_depths_giant_problem, layout_cave_pools,
          chequers_arboretum
Lair:1:   layout_misc_corridors
Lair:2:   layout_roguey, guppyfry_lair_drakes
Lair:3:   layout_chaotic_city, dummy_spider_entry
Lair:4:   layout_loops_ring, minmay_swamp_entry_worms,
          grunt_forest_stairs_basic, grunt_forest_large_clearings,
          serial_bayou_shore_a, serial_bayou_shore_b, lemuel_fruit_tree,
          uniq_kirke
Lair:5:   layout_hall_layers, dpeg_slime_entry_enclosed_altar,
          chequers_serial_rivers_micro_d, zaba_antful_of_joy
Lair:6:   due_jungle_book, layout_regular_city, kennysheep_basilisk_garden
Orc:1:    nicolae_orc_accident_2, layout_caves
Orc:2:    grunt_orc_community_town_hall, layout_diamond_mine,
          grunt_orc_community_big_house_1, grunt_orc_community_big_house_1,
          grunt_orc_community_house_1, grunt_orc_community_house_2,
          grunt_orc_community_house_3, grunt_orc_community_house_3,
          bh_open_orc_temple, uniq_snorg
Elf:1:    minmay_elf_arrival_summoners, layout_loops_cross, minivault_28

Skill      XL: |  1  2  3  4  5  6  7  8  9 10 11 12 13 14 15 |
---------------+----------------------------------------------+-----
Maces & Flails | 3 4 5 6 8 9 11 12 13 14 15 16 | 16.0
Dodging        | 3 4 5 6 7 8 9 10 | 10.7
Armour         | 1 2 3 5 6 7 8 9 |  9.3
Fighting       | 3 4 5 6 7 8 10 11 12 13 | 13.9
Evocations     | 1 4 6 8 9 11 | 11.0
Throwing       | |  1.7

Action                   |  1- 3 |  4- 6 |  7- 9 | 10-12 | 13-15 | 16-18 || total
-------------------------+-------+-------+-------+-------+-------+-------++-------
Melee: Flail             |    79 |   142 |   228 |   608 |  1325 |    26 ||  2408
       Unarmed           |       |       |       |     4 |       |       ||     4
Throw: Throwing net      |       |     3 |     2 |       |       |       ||     5
Invok: Curse Item        |       |       |       |     8 |     2 |       ||    10
Evoke: Wand              |       |       |       |     5 |    27 |     2 ||    34
       Lamp of fire      |       |       |       |     1 |     1 |       ||     2
       Box of beasts     |       |       |       |       |     1 |       ||     1
  Use: Scroll            |     2 |     9 |    10 |    13 |    20 |       ||    54
       Potion            |     1 |     1 |     9 |     3 |     6 |     1 ||    21
 Stab: Held in net/web   |       |     3 |       |       |       |       ||     3
       Sleeping          |       |       |     1 |    11 |    31 |       ||    43
       Confused          |       |       |       |     2 |       |       ||     2
       Paralysed         |       |       |       |       |     6 |       ||     6
       Distracted        |       |       |       |       |     2 |       ||     2
  Eat: Chunk             |       |     3 |     5 |    13 |    37 |     1 ||    59
       Ration            |       |     1 |     2 |     2 |     2 |       ||     7
Armor: Leather armour    |     9 |       |       |       |       |       ||     9
       Scale mail        |    29 |    52 |    96 |    13 |       |       ||   190
       Ring mail         |       |       |       |   188 |   303 |     6 ||   497
Dodge: Dodged            |    53 |    72 |   116 |   416 |  1002 |    12 ||  1671
